 Dungeon Crawl Stone Soup version 0.30.1-9-gdf580d7c3d (webtiles) character file.

Game seed: 11275803766352413470

854 Ivernyr the Shield-Bearer (level 8, -6/63 HPs)
             Began as a Formicid Fighter on Oct 17, 2023.
             Mangled by a yak (9 damage)
             ... on level 5 of the Dungeon.
             The game lasted 00:08:58 (4143 turns).

Ivernyr the Shield-Bearer (Formicid Fighter)        Turns: 4143, Time: 00:08:59

Health: -6/63      AC:  7    Str: 22    XL:     8   Next: 21%
Magic:  8/8        EV:  9    Int:  9    God:
Gold:   172        SH:  5    Dex: 13    Spells: 7/7 levels left

rFire   . . .        a - +0 quarterstaff
rCold   . . .        c - +0 buckler
rNeg    . . .        b - +0 scale mail
rPois   .            (helmet unavailable)
rElec   .            (no cloak)
rCorr   .            (no gloves)
SInv    +            (no boots)
Will    .....        (no amulet) Stlth
                     (no ring)
HPRegen 0.30/turn    (no ring)
MPRegen 0.11/turn

%: no passive effects
@: no status effects
A: permanent stasis, dig shafts and tunnels, antennae 3, four strong arms
a: Dig, Shaft Self


You were on level 5 of the Dungeon.
You visited 1 branch of the dungeon, and saw 5 of its levels.
You also visited: Sewer.

You collected 172 gold pieces.

Inventory:

Hand Weapons
 a - a +0 quarterstaff (weapon)
Armour
 b - a +0 scale mail (worn)
 c - a +0 buckler (worn)
Jewellery
 v - an amulet of faith
Wands
 n - a wand of roots (2)
Scrolls
 e - 3 scrolls of fear {unknown}
 h - 4 scrolls of blinking {unknown}
 i - 4 scrolls of noise
 l - 2 scrolls of teleportation {unknown}
 m - 3 scrolls of fog {unknown}
 p - 2 scrolls of identify {unknown}
 q - a scroll of enchant weapon {unknown}
 s - a scroll of amnesia {unknown}
 t - 2 scrolls of poison {unknown}
 w - a scroll of magic mapping {unknown}
Potions
 d - a potion of might
 f - 2 potions of heal wounds {unknown}
 g - 5 potions of curing {unknown}
 j - a potion of berserk rage {unknown}
 k - a potion of ambrosia {unknown}
 o - a potion of mutation {unknown}
 r - 4 potions of flight
 u - a potion of brilliance {unknown}


   Skills:
 + Level 5.4 Fighting
 * Level 5.9 Staves
 + Level 5.3 Armour
 + Level 6.4 Shields


You had 7 spell levels left.
You didn't know any spells.
Your spell library contained the following spells:

 Spells                   Type           Power      Damage    Failure   Level
 Apportation              Tloc           0%         N/A       77%         1
 Necrotise                Necr           0%         1d4       77%         1
 Summon Small Mammal      Summ           0%         N/A       77%         1
 Cigotuvi's Dreadful Rot  Necr/Pois/Air  0%         N/A       88%         2
 Scorch                   Fire           0%         2d5       88%         2
 Ignite Poison            Fire/Tmut/Pois 0%         N/A       98%         3
 Flame Wave               Conj/Fire      0%         2d4       100%        4
 Freezing Cloud           Conj/Ice/Air   0%         6-21      100%        5
 Summon Cactus Giant      Summ           0%         N/A       100%        6


Dungeon Overview and Level Annotations

Branches:
Dungeon (5/15)              Sewer (visited)
 Temple: D:4-7

Altars:
Sif Muna

Shops:
D:2 [


Innate Abilities, Weirdness & Mutations

You cannot be hasted, slowed, berserked, paralysed or teleported.
You can dig through walls and to a lower floor.
You have a pair of large antennae on your head. (SInv)
Your four strong arms can wield two-handed weapons with a shield.


Message History

The yak is almost dead.
The yak barely misses you.
You sock the yak!
You kill the yak!
You have reached level 8!
You feel clever.
Things that are here:
a +0 giant spiked club; an ogre corpse; a water moccasin skeleton You block the yak's attack.
You hit the yak.
The yak is lightly wounded.
A yak comes into view.
You block the yak's attack.
You sock the yak!
The yak is moderately wounded.
The yak misses you.
You barely miss the yak.
The yak is moderately wounded.
The yak gores you but does no damage.
You barely miss the yak.
The yak is moderately wounded.
The yak bellows!
You block the yak's attack.
Things that are here:
a +0 giant spiked club; an ogre corpse; a water moccasin skeleton
There is a stone staircase leading up, spattered with blood here.
You hit the yak.
The yak is moderately wounded.
The yak gores you!
* * * LOW HITPOINT WARNING * * *
The yak gores you.
* * * LOW HITPOINT WARNING * * *
You hit the yak.
The yak is heavily wounded.
The yak gores you!
* * * LOW HITPOINT WARNING * * *
You closely miss the yak.
The yak is heavily wounded.
The yak gores you!
You die...

#Y....# ... #.{Y..#
####..# ...(.##.#..?#
..{......#
##.......#####
#............ #
###.........# #(.
##.##Y.......###.
#..#...@#...........
#......#...........
#.........รท...8....
.....##........~~~...
.... #........~~~..#
... ###......~~~..#
.. ##.....~~~..# .
####.......#
##.....##


You could see a yak.

Vanquished Creatures
  A yak (D:5)
  A water moccasin (D:5)
  An ogre (D:5)
  A hound (D:5)
  2 jellies (D:4)
  Ijyb (D:3)
  Natasha (twice) (D:2)
  16 adders
  4 river rats (Sewer)
  2 worms (Sewer)
  4 dart slugs
  15 orcs
  15 ball pythons
  10 endoplasms
  8 giant cockroaches
  9 goblins
  5 hobgoblins
  7 jackals
  8 quokkas
  13 bats
  4 frilled lizards (Sewer)
  4 kobolds
  6 rats
139 creatures vanquished.

Notes
Turn   | Place    | Note
-------+----------+-------------------------------------------
     0 | D:1      | Ivernyr the Formicid Fighter began the quest for the Orb.
     0 | D:1      | Reached XP level 1. HP: 18/18 MP: 1/1
    91 | D:1      | Reached XP level 2. HP: 22/24 MP: 2/2
   397 | D:1      | Reached XP level 3. HP: 29/29 MP: 3/3
   935 | D:2      | Reached XP level 4. HP: 37/37 MP: 4/4
  1072 | D:2      | Found Sufomuno's Antique Armour Emporium.
  1354 | D:2      | Reached XP level 5. HP: 41/42 MP: 5/5
  1375 | D:2      | Found a faded altar of an unknown god.
  1397 | D:2      | Noticed Natasha
  1403 | D:2      | Killed Natasha
  1525 | D:2      | Noticed Natasha
  1537 | D:2      | Killed Natasha
  1734 | D:3      | Reached skill level 5 in Shields
  1772 | D:3      | Found a shimmering blue altar of Sif Muna.
  1829 | D:3      | Identified the +5 ring mail "Atiwisum" {Regen+ Dex+4}
  1833 | D:3      | Reached XP level 6. HP: 48/48 MP: 6/6
  1874 | D:3      | Noticed Ijyb
  1890 | D:3      | Killed Ijyb
  2303 | D:4      | Found a glowing drain.
  2372 | Sewer    | Entered a sewer
  3098 | Sewer    | Reached XP level 7. HP: 39/55 MP: 7/7
  3770 | D:5      | Entered Level 5 of the Dungeon
  3806 | D:5      | Noticed a water moccasin
  3817 | D:5      | Reached skill level 5 in Staves
  3825 | D:5      | Killed a water moccasin
  3826 | D:5      | Reached skill level 5 in Fighting
  3834 | D:4      | HP: 2/56 [acid (6)]
  3836 | D:4      | Reached skill level 6 in Shields
  4028 | D:5      | Reached skill level 5 in Armour
  4049 | D:5      | Noticed a yak
  4110 | D:5      | Noticed a yak
  4115 | D:5      | Noticed a yak
  4132 | D:5      | Killed a yak
  4133 | D:5      | Reached XP level 8. HP: 27/63 MP: 8/8
  4135 | D:5      | Noticed a yak
  4142 | D:5      | HP: 2/63 [yak (9)]
  4143 | D:5      | Mangled by a yak

Illustrated notes

Levels and vault maps discovered:
D:1:      amcnicky_arrival_feature_with_door, layout_loops_ring, minivault_26,
          due_unseen_surprise
D:2:      layout_basic, hellmonk_ecumenical_altar_blasted, serial_shops,
          nicolae_shop_tiny_waterfront, uniq_natasha
D:3:      layout_basic, nicolae_overflow_crystal_walls, uniq_ijyb
D:4:      layout_cave_pools, gup_sewer_entry_glass
D:5:      layout_cave_pools, chequers_ossuary_entry_cave, serial_park,
          serial_park_square1 [serial_park_minivault_5x5_4],
          serial_park_tiny_pond, serial_park_square2, minmay_misc_feat_x

Skill      XL: |  1  2  3  4  5  6  7 |
---------------+----------------------+-----
Staves         | 3 4 5 |  5.9
Fighting       | 4 5 |  5.4
Armour         | 4 5 |  5.3
Shields        | 5 6 |  6.4

Action                     |  1- 3 |  4- 6 |  7- 9 || total
---------------------------+-------+-------+-------++-------
  Melee: Quarterstaff      |    83 |   283 |    89 ||   455
 Armour: Scale mail        |    47 |   180 |    33 ||   260
  Dodge: Dodged            |    50 |   182 |    40 ||   272
  Block: Buckler           |    21 |    98 |    18 ||   137
